Map: Capullo de rosa EE

Players

MrFercho

  • Race: Zerg Zerg
  • League: Silver
  • Spawn Location: 5:00

TATORREA

  • Race: Protoss Protoss
  • League: Silver
  • Spawn Location: 5:00

tigro

  • Race: Terran Terran
  • League: Bronze
  • Spawn Location: 5:00

Bambuco - Winner!

  • Race: Zerg Zerg
  • League: Silver
  • Spawn Location: 11:00

RedMan - Winner!

  • Race: Terran Terran
  • Spawn Location: 11:00

Alejandrogc - Winner!

  • Race: Protoss Protoss
  • League: Gold
  • Spawn Location: 11:00

VOD

Have the link to the VOD?

Description

Time

  • Played on: May 25, 2020, 10:28 p.m.
  • Length: 20:12
Show
View Real Time Build Order
Export as new Build Order

MrFercho Zerg 

Build Orders: Pool First 

Get SALT Encoding   

  12  0:01  Drone  
  13  0:13  Overlord  
  13  0:18  Drone  
  14  0:39  Drone x3  
  17  0:48  Extractor  
  16  0:50  Drone  
  16  0:52  Extractor  
  16  1:01  Drone  
  17  1:14  Drone  
  18  1:42  Spawning Pool  
  17  1:48  Drone  
  17  1:49  Drone x2  
  20  1:55  Evolution Chamber  
  19  2:07  Hatchery  
  17  2:33  Metabolic Boost  
  17  2:41  Drone x2  
  17  2:42  Drone  
  20  2:49  Queen  
  22  3:15  Overlord x2  
  22  3:21  Zerg Ground Armor Level 1  
  22  3:36  Drone x2  
  22  3:40  Drone  
  22  3:41  Drone x2  
  27  3:54  Queen  
  29  3:56  Drone x2  
  29  4:00  Zergling x2  
  29  4:01  Zergling x6  
  35  4:04  Lair  
  35  4:14  Drone x2  
  37  4:17  Overlord x2  
  37  4:28  Hatchery  
  36  4:39  Drone  
  36  4:40  Drone  
  38  4:52  Extractor  
  38  4:54  Extractor  
  36  5:11  Hydralisk Den  
  35  5:15  Zerg Missile Weapons Level 1  
  35  5:17  Evolution Chamber  
  35  5:18  Drone x9  
  43  5:36  Overseer  
  43  5:47  Spore Crawler  
  43  5:48  Grooved Spines  
  42  6:01  Hydralisk  
  42  6:02  Hydralisk x5  
  54  6:09  Zergling x2  
  54  6:10  Zergling x14  
  62  6:25  Infestation Pit  
  61  6:38  Drone x2  
  63  6:42  Drone x3  
  63  6:44  Overlord x2  
  66  7:00  Muscular Augments  
  66  7:01  Overlord x3  
  66  7:02  Overlord  
  66  7:07  Queen  
  68  7:29  Hive  
  68  7:32  Zerg Missile Weapons Level 2, Zerg Ground Armor Level 2  
  68  7:39  Hydralisk x3  
  73  8:36  Hydralisk x8  
  73  8:37  Hydralisk x2  
  73  8:40  Extractor  
  92  8:41  Extractor  
  91  8:49  Overseer  
  91  8:52  Hatchery  
  90  9:04  Hydralisk  
  90  9:05  Hydralisk x5  
  102  9:53  Overlord x5  
  102  9:54  Overlord  
  102  10:31  Hydralisk x7  
  102  10:32  Hydralisk x5  
  122  11:04  Zerg Missile Weapons Level 3  
  122  11:05  Zerg Ground Armor Level 3  
  122  11:16  Lurker Den  
  57  11:42  Hydralisk x7  
  57  11:43  Hydralisk  
  69  12:13  Hydralisk  
  69  12:14  Hydralisk x6  
  81  12:41  Hydralisk x3  
  81  12:42  Hydralisk x2  
  81  13:24  Hydralisk  
  81  13:25  Hydralisk x8  
  98  13:39  Adaptive Talons  
  98  14:03  Hatchery  
  97  14:13  Drone x3  
  100  14:18  Ultralisk Cavern  
  100  14:20  Hydralisk x4  
  100  14:21  Hydralisk x6  
  119  14:36  Seismic Spines  
  119  14:42  Hydralisk x4  
  119  14:43  Hydralisk  
  41  16:13  Hydralisk  
  41  16:14  Hydralisk x8  
  59  16:37  Viper  
  59  16:38  Ultralisk  
  58  16:56  Hydralisk  
  58  16:57  Hydralisk x6  
  72  17:19  Viper  
  75  17:28  Hydralisk  
  77  17:47  Hydralisk  
  77  17:48  Hydralisk x12  
  97  18:05  Hydralisk  
  97  18:06  Hydralisk  
  101  18:33  Hydralisk  
  101  18:34  Hydralisk x2  
  82  19:22  Pneumatized Carapace  
  66  19:24  Hydralisk x5  
  66  19:25  Hydralisk x7  
Show
View Real Time Build Order
Export as new Build Order

TATORREA Protoss 

Build Orders: Carriers, Chargelot Immortal 

Get SALT Encoding   

  12  0:02  Probe  
  13  0:18  Probe  
  14  0:26  Pylon  
  14  0:32  Probe  
  15  0:44  Probe  
  16  0:57  Probe  
  16  1:01  Gateway  
  17  1:10  Probe  
  18  1:15  Assimilator  
  18  1:22  Probe  
  19  1:34  Probe  
  20  1:51  Nexus  
  20  1:57  Cybernetics Core  
  20  2:00  Gateway  
  20  2:05  Probe  
  21  2:11  Pylon  
  21  2:12  Assimilator  
  21  2:17  Probe  
  22  2:50  Pylon  
  22  2:53  Gateway  
  22  2:56  Gateway  
  22  3:00  Probe  
  22  3:03  Probe  
  24  3:09  Stalker  
  24  3:10  Stalker  
  24  3:12  Warp Gate, Probe  
  29  3:15  Probe  
  30  3:24  Probe  
  31  3:27  Probe  
  31  3:32  Forge  
  32  3:36  Probe  
  32  3:39  Probe  
  32  3:41  Zealot  
  36  3:45  Zealot  
  38  3:48  Probe  
  38  3:51  Probe  
  40  4:00  Probe  
  41  4:03  Probe  
  42  4:12  Probe  
  42  4:15  Probe  
  44  4:19  Stalker x2  
  48  4:25  Probe, Protoss Ground Weapons Level 1  
  48  4:28  Probe  
  50  4:36  Stargate  
  50  4:39  Stargate  
  50  4:42  Robotics Facility  
  50  4:48  Twilight Council  
  51  4:52  Probe  
  51  4:53  Probe  
  51  4:58  Assimilator  
  52  5:02  Assimilator  
  52  5:05  Probe x2  
  54  5:20  Protoss Air Weapons Level 1  
  54  5:22  Pylon  
  54  5:26  Pylon  
  54  5:30  Pylon  
  54  5:32  Charge  
  54  5:40  Pylon, Probe x2  
  56  5:44  Pylon  
  56  5:47  Pylon  
  56  5:52  Pylon  
  56  6:08  Stalker x2  
  56  6:10  Nexus  
  60  6:12  Stalker  
  60  6:14  Stalker  
  64  6:19  Void Ray  
  64  6:23  Void Ray  
  72  6:33  Immortal  
  72  6:37  Zealot x2  
  72  6:38  Zealot  
  72  6:39  Zealot  
  84  6:46  Protoss Ground Weapons Level 2  
  84  6:55  Probe x2  
  86  7:05  Zealot x2  
  86  7:06  Zealot x2  
  86  7:08  Probe x2  
  96  7:15  Immortal  
  100  7:20  Probe x2  
  102  7:28  Probe  
  103  7:32  Probe x2  
  105  7:40  Probe  
  106  7:51  Pylon  
  106  7:53  Probe x2  
  106  7:54  Pylon, Probe  
  109  7:59  Pylon  
  109  8:02  Pylon  
  109  8:05  Pylon  
  109  8:06  Assimilator  
  109  8:07  Probe x3  
  109  8:08  Assimilator, Pylon  
  112  8:14  Stalker x2  
  112  8:15  Stalker x2  
  120  8:20  Void Ray  
  120  8:21  Void Ray  
  120  8:25  Observer  
  129  8:33  Probe x2  
  131  8:47  Immortal  
  135  9:00  Robotics Bay  
  135  9:03  Void Ray x2  
  135  9:04  Fleet Beacon  
  143  9:10  Zealot x2  
  143  9:11  Zealot x2  
  151  9:26  Immortal  
  134  9:36  Probe x2  
  134  9:37  Probe  
  137  9:49  Probe x3  
  140  9:53  Carrier  
  146  10:01  Probe x3  
  146  10:05  Carrier  
  155  10:13  Probe x3  
  158  10:25  Probe x3  
  119  11:16  Probe  
  119  11:17  Probe x2  
  120  11:29  Probe x3  
  75  11:41  Colossus  
  75  11:46  Stalker x2  
  79  11:47  Stalker x2  
  79  11:50  Protoss Ground Weapons Level 3, Void Ray x2 (Chrono Boost)  
  97  11:57  Unknown  
  97  12:00  Extended Thermal Lance (Chrono Boost)  
  97  12:17  Stalker x2  
  97  12:18  Stalker, Protoss Air Weapons Level 2  
  97  12:19  Stalker  
  105  12:52  Nexus  
  105  13:10  Stalker x2  
  105  13:11  Stalker x2  
  113  13:26  Carrier x2 (Chrono Boost)  
  125  13:39  Colossus  
  131  13:58  Zealot x2  
  131  13:59  Zealot x2  
  139  14:20  Anion Pulse-Crystals  
  139  14:24  Colossus  
  139  14:27  Carrier x2 (Chrono Boost)  
  157  14:41  Stalker x2  
  161  14:46  Protoss Ground Armor Level 1  
  161  14:48  Protoss Air Weapons Level 3  
  117  15:24  Carrier x2  
  93  15:35  Stalker x4  
  97  15:40  Colossus  
  106  16:16  Stalker x2  
  106  16:17  Stalker x2  
  114  16:22  Assimilator  
  114  16:25  Nexus  
  114  16:26  Assimilator  
  114  16:30  Dark Shrine, Templar Archives  
  114  16:33  Pylon  
  114  16:38  Pylon  
  114  16:45  Pylon  
  114  16:49  Pylon  
  114  16:52  Pylon  
  114  16:55  Pylon  
  92  17:12  Pylon  
  47  17:30  Stalker x3  
  47  17:31  Stalker  
  54  17:53  Void Ray x2  
  62  18:00  Immortal  
  66  18:18  Stalker  
  68  18:20  Stalker  
  68  18:21  Stalker  
  68  18:24  Zealot  
  74  18:36  Void Ray x2  
Show
View Real Time Build Order
Export as new Build Order

tigro Terran 

Build Orders:  

Get SALT Encoding   

  12  0:02  SCV  
  13  0:14  SCV  
  14  0:23  Supply Depot  
  14  0:26  SCV  
  15  0:36  Refinery  
  15  0:44  SCV  
  16  0:56  Barracks  
  16  0:58  SCV  
  17  1:08  Refinery  
  17  1:10  SCV  
  18  1:23  SCV  
  19  1:29  Supply Depot  
  19  1:35  SCV  
  20  1:43  Marine  
  22  1:47  SCV  
  22  1:59  SCV  
  23  2:01  Marine  
  24  2:11  Barracks  
  24  2:19  Marine, SCV  
  26  2:31  SCV  
  26  2:34  Engineering Bay  
  26  2:37  Marine  
  28  2:48  Orbital Command  
  28  2:54  Marine  
  29  3:16  Factory  
  29  3:17  Barracks Tech Lab  
  29  3:18  Barracks Tech Lab  
  29  3:50  Combat Shield  
  29  3:52  Stimpack  
  29  3:53  Command Center  
  29  3:55  Marine  
  30  3:59  Marine  
  31  4:12  Marine, Factory Tech Lab  
  31  4:16  Marine  
  33  4:29  Starport  
  33  4:30  Marine  
  34  4:32  Siege Tank  
  34  4:34  Marine  
  34  4:37  Terran Infantry Weapons Level 1  
  38  4:48  Marine  
  39  4:53  Marine  
  40  5:09  Concussive Shells  
  40  5:11  Marine  
  40  5:13  Missile Turret  
  41  5:20  Planetary Fortress  
  41  5:33  Missile Turret  
  41  5:41  Siege Tank  
  44  5:44  Medivac  
  46  5:54  Missile Turret  
  46  6:04  SCV  
  47  6:14  Medivac  
  47  6:16  SCV  
  50  6:20  Missile Turret  
  50  6:28  SCV  
  50  6:31  Terran Infantry Armor Level 1  
  51  6:40  SCV  
  52  6:52  Fusion Core, SCV  
  53  6:57  Marine  
  53  6:59  Marine  
  55  7:07  Refinery  
  55  7:12  Refinery  
  55  7:15  Marine  
  56  7:17  Marine  
  57  7:25  Starport Tech Lab  
  57  7:32  Marine  
  57  7:35  Marine  
  59  7:44  Weapon Refit  
  59  7:47  Supply Depot  
  59  7:50  Marine  
  60  7:53  Marine  
  61  8:08  Marine, Battlecruiser  
  61  8:10  Supply Depot  
  61  8:11  Marine  
  69  8:18  Armory  
  69  8:25  Neosteel Armor  
  69  9:32  Missile Turret  
  69  9:47  Battlecruiser  
  75  9:55  Missile Turret  
  75  10:08  Terran Infantry Weapons Level 2  
  75  10:15  Missile Turret  
  69  10:38  Missile Turret  
  69  10:45  Terran Vehicle Weapons Level 1  
  69  10:51  Battlecruiser  
  69  10:54  SCV  
  76  11:06  SCV  
  77  11:16  Command Center  
  77  11:17  Widow Mine  
  80  11:18  SCV  
  80  11:30  SCV  
  81  11:38  Widow Mine  
  83  11:42  SCV  
  84  11:55  Battlecruiser  
  84  11:59  Widow Mine  
  92  12:24  Terran Infantry Armor Level 2  
  56  12:39  Terran Vehicle And Ship Armor Level 1  
  56  12:51  Marine  
  57  12:53  Marine  
  58  12:59  Medivac  
  60  13:09  Marine  
  60  13:11  Marine  
  62  13:15  Planetary Fortress  
  62  13:26  Marine  
  63  13:29  Medivac, Marine, Widow Mine  
  68  13:44  Marine, Drilling Claws  
  68  13:47  Marine  
  70  13:50  Widow Mine  
  72  14:00  Battlecruiser  
  72  14:02  Marine  
  79  14:04  Marine  
  80  14:10  SCV  
  81  14:20  Marine  
  81  14:22  Marine  
  81  14:23  SCV  
  84  14:32  Missile Turret  
  84  14:34  Terran Ship Weapons Level 1  
  84  14:35  SCV  
  84  14:38  Marine  
  86  14:40  Marine, Hi-Sec Auto Tracking  
  87  14:47  SCV  
  88  14:53  Missile Turret  
  88  14:55  Refinery  
  88  14:59  SCV  
  89  15:03  Smart Servos  
  89  15:04  Battlecruiser  
  89  15:06  Refinery  
  95  15:14  Missile Turret  
  95  15:29  Marine  
  96  15:37  Terran Infantry Weapons Level 3  
  96  15:47  Marine  
  97  16:05  Marine  
  97  16:08  Marine, Battlecruiser  
  102  16:21  Infernal Pre-Igniter  
  102  16:22  Marine  
  94  16:26  Marine  
  70  16:40  Marine  
  70  16:44  Marine  
  62  16:58  Marine  
  59  17:01  Marine  
  59  17:05  Siege Tank  
  59  17:16  Marine  
  59  17:19  Marine  
  59  17:34  Marine  
  47  17:37  Marine  
  47  17:40  Mag-Field Accelerator  
  47  17:42  Battlecruiser  
  44  17:52  Marine  
  44  17:55  Marine  
  46  18:09  Marine  
  47  18:13  Marine  
Show
View Real Time Build Order
Export as new Build Order

Bambuco Zerg - Winner!

Build Orders: Hatch First, Roach Hydra 

Get SALT Encoding   

  12  0:01  Drone  
  13  0:13  Drone  
  14  0:38  Hatchery  
  13  0:42  Overlord  
  13  1:03  Spawning Pool  
  12  1:05  Drone  
  12  1:07  Drone  
  14  1:16  Drone  
  15  1:22  Drone  
  16  1:27  Drone  
  17  1:38  Drone  
  18  1:44  Extractor  
  17  1:50  Queen, Drone  
  17  1:53  Queen  
  22  1:56  Drone  
  22  2:00  Drone  
  24  2:11  Drone  
  24  2:14  Drone  
  24  2:15  Drone  
  27  2:23  Spine Crawler  
  27  2:26  Drone x2  
  28  2:39  Roach Warren  
  27  2:49  Extractor  
  26  2:51  Overlord  
  26  2:54  Queen  
  28  3:07  Overlord  
  28  3:09  Queen  
  28  3:11  Drone x2  
  32  3:14  Drone  
  32  3:17  Drone  
  32  3:19  Drone  
  35  3:42  Drone x5  
  35  3:43  Drone x3  
  35  3:48  Overlord  
  43  4:09  Roach x4  
  51  4:10  Extractor  
  51  4:11  Overlord  
  51  4:13  Roach  
  52  4:19  Baneling Nest  
  52  4:22  Lair  
  51  4:27  Overlord  
  51  4:32  Roach x2  
  55  4:43  Drone x3  
  58  4:50  Overlord  
  58  4:52  Roach x4  
  66  4:58  Zergling x4  
  68  5:09  Overlord  
  68  5:10  Roach  
  70  5:14  Queen  
  72  5:24  Queen  
  72  5:27  Roach x3  
  80  5:31  Drone  
  80  5:32  Drone  
  80  5:33  Drone  
  83  5:39  Baneling x2  
  83  5:40  Baneling x2  
  83  5:42  Centrifical Hooks  
  83  5:44  Zergling x2  
  83  5:47  Overlord  
  84  6:00  Glial Reconstitution  
  84  6:04  Queen  
  86  6:17  Hatchery  
  85  6:21  Drone x4  
  85  6:22  Drone  
  90  6:26  Extractor  
  89  6:41  Zergling x2  
  89  6:42  Zergling x4  
  89  6:44  Baneling  
  89  6:45  Baneling, Overlord x2  
  89  6:46  Overlord  
  92  7:09  Hydralisk Den  
  92  7:11  Spire  
  92  7:12  Infestation Pit  
  89  7:19  Overlord x2  
  89  7:25  Drone x2  
  91  7:30  Hatchery  
  91  7:32  Zergling x16  
  91  7:35  Drone  
  99  7:38  Drone x2  
  99  7:39  Drone  
  102  7:59  Baneling, Evolution Chamber  
  102  8:00  Baneling x8  
  102  8:01  Baneling x8  
  102  8:02  Baneling x3  
  101  8:12  Drone x2  
  103  8:13  Drone x6  
  103  8:14  Overlord x2  
  103  8:16  Drone x2  
  103  8:17  Drone  
  112  8:26  Hive  
  112  8:33  Muscular Augments  
  112  8:36  Zerg Missile Weapons Level 1  
  112  8:45  Hydralisk x2  
  112  8:47  Extractor  
  115  8:48  Extractor  
  114  9:03  Hatchery  
  114  9:05  Hydralisk x3  
  118  9:31  Zergling x14  
  113  9:32  Zergling x4, Hydralisk x4  
  113  9:33  Hydralisk  
  127  9:41  Hydralisk  
  127  9:44  Drone x3  
  127  9:45  Grooved Spines  
  132  9:47  Drone x3  
  132  9:48  Overlord x2  
  132  9:50  Drone x6  
  141  10:09  Baneling x5  
  141  10:10  Baneling x6  
  63  10:59  Hydralisk  
  63  11:00  Hydralisk x8  
  63  11:01  Hydralisk x4  
  65  11:21  Roach  
  65  11:22  Zergling x6, Roach x4  
  65  11:23  Zergling x10  
  77  11:56  Hatchery  
  77  11:58  Hatchery  
  77  12:00  Roach  
  77  12:01  Roach x5  
  87  12:08  Greater Spire  
  87  12:11  Queen x2  
  88  12:36  Hydralisk x4  
  94  12:46  Queen  
  94  12:47  Queen, Hydralisk  
  100  13:11  Hydralisk  
  102  13:25  Queen x2  
  106  13:36  Corruptor x3  
  112  13:41  Drone x3  
  112  13:45  Extractor  
  114  13:50  Drone x4  
  118  13:58  Baneling  
  118  13:59  Baneling x6  
  118  14:08  Drone x5  
  123  14:16  Drone x2  
  126  14:17  Drone  
  126  14:29  Hydralisk x4  
  126  14:30  Extractor  
  133  14:43  Hydralisk  
  135  14:48  Hatchery  
  135  14:49  Drone  
  135  14:53  Overlord x2  
  100  15:37  Hydralisk x4  
  100  15:38  Hydralisk x8  
  100  15:39  Hydralisk  
  100  15:41  Drone  
  127  16:25  Hatchery  
  126  16:29  Corruptor x2  
  126  16:30  Corruptor x4  
  138  16:55  Zergling x18  
  141  17:38  Roach x8  
  141  17:43  Drone  
  158  17:47  Overlord x2  
  158  17:48  Overlord x3  
  154  18:02  Roach x2  
  158  18:11  Baneling  
  158  18:12  Baneling x7  
  158  18:13  Baneling x9  
  158  18:14  Baneling  
  153  19:00  Roach x4  
  153  19:01  Roach x7  
  172  19:23  Corruptor x2  
  172  19:24  Corruptor x2  
  170  19:25  Zergling x6  
  170  19:26  Zergling x10  
  185  19:34  Extractor  
  184  19:40  Extractor  
Show
View Real Time Build Order
Export as new Build Order

RedMan Terran - Winner!

Build Orders: Reaper Expand 

Get SALT Encoding   

  12  0:13  Supply Depot  
  12  0:16  SCV  
  13  0:37  Refinery  
  13  0:38  Barracks  
  13  1:11  SCV  
  14  1:23  SCV  
  15  1:31  Reaper  
  16  1:35  SCV  
  16  1:36  Refinery  
  17  1:47  SCV  
  18  1:59  SCV  
  19  2:09  Command Center  
  19  2:28  Barracks Reactor  
  19  2:31  SCV  
  20  2:43  SCV  
  21  2:55  SCV  
  22  3:01  Engineering Bay  
  22  3:07  SCV  
  23  3:15  Supply Depot  
  23  3:21  SCV  
  24  3:30  Supply Depot  
  24  3:34  Missile Turret  
  24  3:40  SCV  
  25  3:46  Missile Turret  
  25  3:52  SCV  
  25  3:53  SCV  
  27  4:04  SCV  
  27  4:05  SCV  
  27  4:06  Factory  
  29  4:16  SCV  
  30  4:17  SCV  
  31  4:28  SCV  
  31  4:30  SCV  
  33  4:42  SCV  
  34  4:49  Refinery  
  34  4:50  Factory  
  34  4:52  Factory Tech Lab  
  34  4:57  Armory  
  34  5:10  SCV  
  34  5:12  Refinery  
  34  5:14  SCV  
  36  5:22  SCV  
  36  5:26  SCV  
  38  5:34  SCV  
  38  5:35  Factory Tech Lab  
  39  5:38  SCV  
  39  5:40  Supply Depot  
  40  5:46  SCV  
  41  5:50  SCV  
  42  5:58  SCV  
  42  6:02  SCV  
  44  6:46  Command Center  
  44  6:59  Thor x2  
  56  7:21  SCV  
  56  7:22  SCV  
  58  7:34  Supply Depot x2, SCV x2  
  58  7:35  Supply Depot  
  58  7:36  Supply Depot  
  60  7:37  Supply Depot  
  60  7:46  SCV x2  
  62  7:56  Thor x2  
  62  7:58  SCV x2  
  76  7:59  Refinery  
  76  8:10  SCV x2  
  78  8:28  SCV x2, Refinery  
  80  8:38  Thor  
  80  8:39  Thor  
  80  8:40  SCV x2  
  94  8:52  SCV x2  
  96  8:55  Supply Depot  
  96  8:57  Supply Depot  
  96  8:58  Supply Depot  
  96  8:59  Supply Depot  
  96  9:04  SCV x2  
  98  9:16  SCV  
  98  9:17  SCV  
  100  9:19  Supply Depot  
  100  9:21  Thor x2  
  100  9:22  Supply Depot  
  112  9:40  Bunker  
  112  9:47  Sensor Tower  
  112  10:04  Thor x2  
  124  10:26  Command Center  
  124  10:47  Thor x2  
  136  11:18  Bunker  
  129  11:30  Thor x2  
  87  12:12  Thor  
  87  12:13  Thor  
  99  12:35  Factory  
  99  12:54  Factory  
  99  12:55  Thor x2  
  99  12:56  Factory, SCV  
  99  12:58  Factory x3  
  112  13:08  SCV x2  
  114  13:20  SCV x2  
  114  13:21  SCV  
  117  13:32  SCV x2  
  117  13:33  SCV  
  120  13:38  Thor x2  
  120  13:39  Factory  
  120  13:40  Supply Depot  
  120  13:41  Factory Reactor, Factory  
  132  13:43  Factory Tech Lab  
  132  13:44  SCV x2  
  132  13:45  SCV  
  135  13:57  SCV x2  
  135  14:02  Factory Tech Lab x4  
  137  14:03  Supply Depot  
  137  14:06  Thor  
  143  14:21  Thor x2  
  155  14:26  Supply Depot  
  155  14:29  Orbital Command  
  155  14:30  Refinery  
  155  14:31  Refinery  
  155  14:32  Orbital Command  
  155  14:36  Orbital Command  
  155  14:49  Thor  
  155  14:50  Factory Tech Lab  
  155  14:51  Factory Tech Lab  
  161  14:53  Thor x4  
  185  15:04  Thor x2  
  197  15:21  Command Center  
  197  15:32  Thor  
  173  15:42  Bunker  
  148  15:47  Thor x2  
  152  16:03  Thor x3  
  152  16:04  Thor x2  
  176  16:15  Thor  
  182  16:24  Refinery  
  170  16:26  Refinery  
  170  16:29  Thor x2  
  176  16:35  Command Center  
  176  16:43  Bunker, Thor  
  176  16:46  Thor  
  190  17:01  Hellion x3  
  190  17:02  Hellion x2  
  198  17:32  Barracks  
Show
View Real Time Build Order
Export as new Build Order

Alejandrogc Protoss - Winner!

Build Orders: 1 Gate Expand, Zealot Archon 

Get SALT Encoding   

  12  0:02  Probe  
  13  0:14  Probe  
  14  0:19  Pylon  
  14  0:26  Probe  
  15  0:38  Probe  
  15  0:39  Gateway  
  16  0:50  Probe  
  16  0:56  Assimilator  
  17  1:02  Probe  
  18  1:14  Probe  
  19  1:26  Probe  
  19  1:27  Cybernetics Core  
  20  1:38  Probe  
  21  1:43  Nexus  
  21  1:50  Probe  
  21  1:53  Pylon  
  22  2:02  Warp Gate (Chrono Boost)  
  22  2:03  Stalker  
  22  2:12  Probe  
  22  2:14  Assimilator  
  25  2:24  Probe  
  26  2:33  Stalker (Chrono Boost)  
  26  2:36  Probe  
  29  2:43  Gateway  
  29  2:48  Probe  
  30  2:51  Gateway  
  30  2:58  Stalker (Chrono Boost), Probe  
  31  3:00  Probe  
  34  3:10  Probe  
  34  3:12  Probe  
  36  3:15  Pylon  
  36  3:28  Robotics Facility  
  36  3:34  Twilight Council  
  36  3:41  Probe x2  
  36  3:46  Stalker  
  40  3:51  Stalker  
  40  3:53  Probe  
  40  3:54  Probe  
  44  4:05  Assimilator  
  44  4:06  Probe x2  
  44  4:09  Stalker  
  48  4:16  Observer  
  49  4:18  Probe x2  
  49  4:23  Pylon  
  51  4:30  Probe x2  
  53  4:32  Pylon  
  53  4:37  Observer  
  54  4:43  Pylon  
  54  4:46  Stalker  
  54  4:51  Probe x2  
  58  4:58  Gateway  
  58  4:59  Gateway  
  58  5:02  Gateway  
  58  5:03  Gateway  
  58  5:07  Probe  
  58  5:08  Probe  
  58  5:10  Gateway  
  60  5:15  Immortal (Chrono Boost)  
  64  5:35  Templar Archives  
  64  5:40  Probe x2  
  66  5:42  Forge  
  66  5:43  Stalker  
  66  5:44  Forge  
  66  5:47  Observer  
  69  5:51  Pylon  
  68  6:08  Observer  
  68  6:12  Nexus  
  68  6:19  Pylon  
  68  6:21  Pylon, Probe x2  
  70  6:32  Pylon  
  70  6:33  Probe  
  70  6:35  Stalker x2  
  70  6:36  Stalker x2  
  79  6:40  Assimilator  
  79  6:45  Stalker x3  
  85  6:48  Protoss Ground Weapons Level 1 (Chrono Boost)  
  85  6:49  Protoss Ground Armor Level 1 (Chrono Boost)  
  85  6:59  Immortal  
  89  7:08  Shield Battery  
  89  7:16  Probe  
  89  7:17  Probe  
  89  7:21  High Templar  
  93  7:24  High Templar  
  93  7:25  Probe  
  93  7:28  Probe  
  93  7:29  Archon  
  97  7:37  Charge (Chrono Boost)  
  97  7:38  Probe x2  
  99  7:44  Probe  
  99  7:49  Gateway  
  99  7:50  Probe  
  101  7:53  Gateway  
  101  7:54  Gateway, Probe  
  101  7:56  Probe  
  103  8:00  Zealot x3  
  103  8:01  Zealot x4  
  103  8:04  Probe  
  118  8:06  Probe  
  118  8:08  High Templar  
  121  8:21  High Templar  
  121  8:26  Zealot  
  125  8:29  Archon  
  125  8:34  Stargate  
  125  8:49  Assimilator  
  125  8:51  Assimilator, Pylon  
  125  8:54  Pylon  
  125  9:09  Probe x2  
  127  9:12  Nexus  
  127  9:13  Probe  
  128  9:21  Photon Cannon, Probe  
  128  9:22  Photon Cannon  
  129  9:24  Photon Cannon  
  129  9:26  Photon Cannon  
  129  9:34  Probe x2  
  131  9:39  Pylon  
  131  9:40  Pylon  
  131  9:44  Pylon, High Templar  
  131  9:45  High Templar  
  135  9:46  Pylon, High Templar x2  
  139  9:59  Archon  
  139  10:00  Archon  
  139  10:01  Pylon  
  139  10:06  Probe x3  
  142  10:18  Immortal  
  138  10:49  Stalker x4  
  136  10:50  Stalker  
  136  10:52  High Templar x2  
  136  10:54  Zealot x4  
  136  10:56  Probe x4  
  154  11:08  Probe x3  
  157  11:19  Stargate  
  157  11:22  Stargate  
  157  11:23  Stargate  
  157  11:26  Archon  
  144  12:02  Stalker x2  
  144  12:03  Stalker x5  
  144  12:04  Stalker  
  132  12:34  Probe x3  
  132  12:35  Probe  
  136  12:44  Assimilator  
  136  12:46  Photon Cannon  
  136  12:47  Assimilator  
  136  12:48  Photon Cannon  
  136  12:50  Photon Cannon  
  136  12:51  Void Ray  
  136  12:52  Photon Cannon  
  136  12:54  Photon Cannon  
  136  12:58  Fleet Beacon  
  138  13:06  Stalker x4  
  138  13:07  Stalker x4  
  152  13:42  Pylon  
  152  13:44  Pylon  
  152  13:45  Pylon  
  152  13:48  Tempest (Chrono Boost), Pylon  
  152  13:49  Tempest (Chrono Boost)  
  152  13:50  Pylon  
  152  13:51  Pylon  
  172  13:58  Tempest (Chrono Boost)  
  172  13:59  Tempest (Chrono Boost)  
  172  14:03  High Templar  
  172  14:07  High Templar  
  176  14:12  Archon  
  176  14:14  Zealot x4  
  176  14:15  Tempest, Zealot x5  
  194  14:27  Protoss Shields Level 1  
  199  14:44  Protoss Air Weapons Level 1 (Chrono Boost)  
  191  15:27  Tempest x2  
  197  15:42  Nexus  
  183  16:02  Tempest x2  
  186  16:10  Tempest x2  
  196  16:17  Pylon  
  196  16:18  Pylon  
  196  16:20  Pylon  
  196  16:22  Assimilator, Pylon  
  196  16:26  Assimilator  
  186  16:44  Tempest  
  186  16:45  Tempest  
  192  16:53  Tempest x2  
  187  17:27  Tempest  
  187  17:28  Tempest  
  192  17:36  Tempest x2  
  192  18:10  Tempest  
  197  18:19  Nexus  
  197  18:24  Pylon  
Tags
 
Add a new tag
Caveats
  • Supply blocks, unpowered buildings, or Contaminate may cause inaccurate times.
  • Supply counts are checked every 10 seconds.